 Dungeon Crawl Stone Soup version 0.18-a0-1327-gce91241 (webtiles) character file.

0 Reinor the Ducker (level 1, -3/11 HPs)
             Began as a Spriggan Abyssal Knight on Feb 16, 2016.
             Was a Follower of Lugonu.
             Killed from afar by a starcursed mass (5 damage)
             ... with an accursed screaming
             ... on level 2 of the Abyss.
             The game lasted 00:00:56 (263 turns).

Reinor the Ducker (Spriggan Abyssal Knight)          Turns: 263, Time: 00:00:56

Health: -3/11      AC:  2    Str:  8    XL:     1   Next: 0%
Magic:  3/3        EV: 18    Int: 13    God:    Lugonu [*.....]
Gold:   35         SH:  0    Dex: 15    Spells: 0 memorised, 0 levels left

rFire  . . .     SeeInvis +     a - +1 short sword
rCold  . . .     Gourm    .     b - +0 robe
rNeg   . . .     Faith    .     (shield restricted)
rPois  .         Spirit   .     (helmet restricted)
rElec  .         Dismiss  .     (no cloak)
rCorr  .         Reflect  .     (gloves unavailable)
SustAt +         Harm     .     (boots unavailable)
MR     .....                    (no amulet)
Stlth  +.........               (no ring)
                                e - ring of sustain attributes

@: non-regenerating, diseased, very quick, not resistant to hostile
enchantments, very unstealthy
A: unfitting armour, see invisible, herbivore 3, speed 3, slow metabolism 2
a: Depart the Abyss, Renounce Religion


You were on level 2 of the Abyss.
You worshipped Lugonu.
Lugonu was aware of your devotion.
You were not hungry.

You visited 0 branches of the dungeon, and saw 0 of its levels.
You visited the Abyss 1 time.

You collected 35 gold pieces.

Inventory:

Hand Weapons
 a - a +1 short sword (weapon)
Armour
 b - a +0 robe (worn)
Jewellery
 e - a ring of sustain attributes (left hand)
Scrolls
 f - a scroll of remove curse {unknown}
 i - a scroll of amnesia {unknown}
Potions
 h - a potion of lignification {unknown}
Books
 g - a book of Debilitation

   Spells                             Type                      Level
   a - Corona                         Hexes                        1
   b - Slow                           Hexes                        2
   c - Gell's Gravitas                Hexes/Translocation          3
   d - Inner Flame                    Hexes/Fire                   3
   e - Cause Fear                     Hexes                        4
   f - Leda's Liquefaction            Hexes/Earth                  4
Comestibles
 c - a bread ration
 d - a slice of pizza


   Skills:
 + Level 2.4 Fighting
 + Level 2.1 Short Blades
 + Level 3.5 Dodging
 + Level 1.7 Invocations


You couldn't memorise any spells.
You didn't know any spells.

Dungeon Overview and Level Annotations

Branches:
Dungeon (0/15)

Altars:


Innate Abilities, Weirdness & Mutations

You are tiny and cannot use many weapons and most armour.
You have supernaturally acute eyesight.
You are an herbivore.
You cover ground extremely quickly.
You need consume almost no food.


Message History

An ancient zyme comes into view.
You feel yourself growing ill in the presence of the ancient zyme.
The ancient zyme moves out of view.
A large abomination comes into view.
Tentacles burst from the starspawn's body!
You feel ill. 2 starspawn tentacles come into view.
You feel ill.
A starcursed mass comes into view.
A tentacled starspawn comes into view.
A tentacle flies out from the starspawn's body!
A starspawn tentacle comes into view.
A tentacle flies out from the starspawn's body!
A starcursed mass splits.
A chorus of shrieks assaults your mind.
Ouch! That really hurt!
* * * LOW HITPOINT WARNING * * *
A starspawn tentacle comes into view.
The starcursed mass shrieks in your mind.
You die...

... ##...#.#
..
##...#.#.#
....##
...#.#
.....##..X#
.
#.#..X##...#
#......#.#
..#
#.#....#.##
..#
#...X.##..#
## ##.
.#..@##
#.......#
ยง#.#.##.#
.#.# #.. #.
#.# . ###


You could see a starcursed mass and a tentacled starspawn.

Vanquished Creatures (others)
  8 starspawn tentacles (Abyss:2)
  7 starspawn tentacle segments (Abyss:2)
15 creatures vanquished.

Notes
Turn   | Place    | Note
--------------------------------------------------------------
     0 | Abyss:1  | Reinor the Spriggan Abyssal Knight began the quest for the Orb.
     0 | Abyss:1  | Reached XP level 1. HP: 11/11 MP: 3/3
   100 | Abyss:1  | Noticed a small abomination
   164 | Abyss:2  | Noticed a large abomination
   191 | Abyss:2  | Noticed a tentacled monstrosity
   195 | Abyss:2  | Noticed a large abomination
   199 | Abyss:2  | Noticed a tentacled starspawn
   242 | Abyss:2  | Noticed an ancient zyme
   245 | Abyss:2  | Noticed a large abomination
   255 | Abyss:2  | Noticed a starcursed mass
   257 | Abyss:2  | Noticed a tentacled starspawn
   263 | Abyss:2  | Killed from afar by a starcursed mass

Vault maps used:
Abyss:1:  hangedman_stitches_earthworm
Abyss:2:  hangedman_abyss_or_decor_slice, eino_small_chamber_without_monster
